Map: Triton LE

Players

DPGPartinG (PartinG) - Winner!

  • Race: Protoss Protoss
  • League: Grandmaster
  • Spawn Location: 5:00

True

  • Race: Zerg Zerg
  • League: Grandmaster
  • Spawn Location: 11:00

VOD

Have the link to the VOD?

Description

Time

  • Played on: Jan. 8, 2020, 5:53 a.m.
  • Length: 6:53
Show
View Real Time Build Order
Export as new Build Order

DPGPartinG Protoss - Winner!

Build Orders: 1 Gate Expand 

Get SALT Encoding   

  12  0:00  Probe  
  13  0:12  Probe  
  14  0:18  Pylon  
  14  0:25  Probe (Chrono Boost)  
  15  0:37  Probe (Chrono Boost), Gateway  
  16  0:45  Probe (Chrono Boost)  
  16  0:46  Assimilator  
  17  0:51  Probe  
  18  1:03  Probe  
  19  1:15  Probe  
  20  1:22  Nexus  
  20  1:32  Cybernetics Core  
  20  1:38  Zealot  
  22  1:45  Pylon  
  22  1:49  Probe  
  23  1:58  Gateway  
  23  2:04  Assimilator  
  23  2:08  Adept (Chrono Boost)  
  23  2:13  Warp Gate  
  25  2:16  Probe (Chrono Boost)  
  26  2:28  Probe (Chrono Boost)  
  27  2:31  Stalker  
  27  2:36  Probe (Chrono Boost)  
  30  2:39  Probe (Chrono Boost)  
  30  2:43  Probe (Chrono Boost)  
  32  2:49  Probe, Robotics Facility  
  33  2:53  Probe  
  34  3:02  Probe  
  34  3:04  Sentry  
  37  3:07  Probe  
  38  3:15  Pylon  
  38  3:16  Probe, Sentry  
  38  3:19  Probe  
  42  3:34  Immortal (Chrono Boost)  
  44  3:41  Gateway  
  44  3:42  Gateway  
  44  3:46  Gateway  
  44  3:49  Gateway  
  44  3:56  Gateway  
  44  4:03  Warp Prism (Chrono Boost)  
  44  4:08  Probe x2  
  48  4:12  Sentry  
  48  4:15  Pylon  
  50  4:18  Zealot  
  52  4:27  Probe x2, Pylon  
  54  4:36  Zealot  
  54  4:37  Zealot  
  58  4:42  Sentry, Zealot  
  62  4:46  Pylon  
  62  4:47  Pylon  
  62  5:02  Zealot x4  
  62  5:05  Zealot x2  
  72  5:22  Stalker x4  
  72  5:28  Stalker  
  82  5:31  Zealot  
  82  5:43  Stalker  
  82  5:47  Zealot x3  
  86  5:54  Zealot  
  86  5:55  Zealot  
  86  5:56  Stalker  
  84  6:13  Stalker x2  
  84  6:15  Stalker x2  
  84  6:17  Zealot  
  82  6:24  Stalker  
  74  6:26  Zealot  
  68  6:39  Zealot x2  
  72  6:40  Zealot x3  
  74  6:48  Stalker  
Show
View Real Time Build Order
Export as new Build Order

True Zerg 

Build Orders: Pool First 

Get SALT Encoding   

  12  0:00  Drone  
  13  0:12  Overlord  
  13  0:16  Drone  
  14  0:30  Drone x2  
  16  0:40  Spawning Pool  
  15  0:44  Drone  
  15  0:47  Drone  
  17  1:09  Hatchery  
  16  1:12  Drone  
  17  1:26  Zergling x4, Extractor  
  17  1:27  Zergling x2  
  19  1:33  Queen  
  19  1:38  Drone  
  22  1:51  Overlord  
  22  2:10  Hatchery  
  22  2:11  Drone x2  
  23  2:23  Queen  
  23  2:28  Drone  
  26  2:31  Drone  
  27  2:37  Metabolic Boost  
  27  2:41  Drone  
  29  2:44  Drone  
  29  2:48  Drone  
  29  2:51  Drone  
  31  2:53  Drone  
  32  3:02  Queen  
  34  3:06  Overlord  
  34  3:08  Drone  
  34  3:11  Drone  
  36  3:15  Overlord  
  36  3:25  Drone x4  
  39  3:30  Queen  
  39  3:32  Drone  
  42  3:35  Drone  
  42  3:36  Drone  
  42  3:38  Drone  
  42  3:40  Drone  
  46  3:45  Queen  
  48  3:49  Overlord  
  48  3:51  Drone  
  48  3:53  Drone  
  50  3:58  Overlord  
  49  4:06  Drone, Roach Warren  
  49  4:07  Extractor, Drone x2  
  49  4:09  Drone  
  51  4:11  Drone  
  51  4:14  Drone  
  51  4:15  Extractor  
  52  4:19  Zergling x8  
  52  4:22  Zergling x2  
  52  4:23  Zergling x2  
  58  4:24  Zergling x2  
  58  4:26  Zergling x2  
  58  4:29  Zergling x4  
  62  4:31  Zergling x2  
  62  4:35  Zergling x2, Overlord  
  64  4:40  Overlord  
  64  4:50  Roach  
  66  4:54  Roach x3  
  66  4:57  Roach  
  66  4:58  Roach  
  66  4:59  Roach x2  
  79  5:01  Roach  
  79  5:05  Overlord  
  79  5:20  Ravager x3  
  78  5:28  Roach x2  
  79  5:30  Zergling x22  
  79  5:35  Zergling x4  
  87  5:36  Zergling x2  
  87  5:37  Zergling x2  
  88  5:44  Zergling x2  
  88  5:45  Zergling x4  
  88  5:47  Zergling x2  
  88  5:49  Zergling x2  
  78  5:53  Ravager x3  
  78  5:54  Zergling x2, Queen  
  79  5:59  Zergling x2, Spine Crawler  
  79  6:01  Ravager  
  79  6:03  Zergling x2  
  81  6:06  Queen  
  77  6:12  Overlord  
  73  6:19  Zergling x4  
  70  6:26  Zergling x2  
  70  6:27  Zergling x2  
  70  6:28  Zergling x2  
  70  6:31  Zergling x2  
Tags
 
Add a new tag
Caveats
  • Supply blocks, unpowered buildings, or Contaminate may cause inaccurate times.
  • Supply counts are checked every 10 seconds.